 Dungeon Crawl Stone Soup version 0.23.1 (webtiles) character file.

Game seed: 1855912509544985222

98 Hasart the Slasher (level 4, -5/34 HPs)
             Began as a Demonspawn Gladiator on Mar 6, 2019.
             Killed from afar by Natasha (9 damage)
             ... with a magic dart
             ... on level 2 of the Dungeon.
             The game lasted 00:02:00 (1084 turns).

Hasart the Slasher (Demonspawn Gladiator)           Turns: 1084, Time: 00:02:00

Health: -5/34      AC:  3    Str: 15    XL:     4   Next: 43%
Magic:  4/4        EV: 12    Int: 10    God:
Gold:   61         SH:  0    Dex: 14    Spells: 3/3 levels left

rFire    . . .     SeeInvis .   a - +0 long sword
rCold    . . .     Gourm    .   (no shield)
rNeg     . . .     Faith    .   b - +0 leather armour
rPois    .         Spirit   .   (helmet restricted)
rElec    .         Reflect  .   (no cloak)
rCorr    .         Harm     .   (no gloves)
MR       .....                  (no boots)
Stlth    +.........             p - amulet of magic regeneration
HPRegen  0.11/turn              n - ring of wizardry
MPRegen  0.34/turn              (no ring)

@: no status effects
A: antennae 1, claws 1, spiny 1
a: no special abilities


You were on level 2 of the Dungeon.
You were not hungry.

You visited 1 branch of the dungeon, and saw 2 of its levels.

You collected 61 gold pieces.

Inventory:

Hand Weapons
 a - a +0 long sword (weapon)
Missiles
 d - 3 throwing nets (quivered)
Armour
 b - a +0 leather armour (worn)
 c - a +0 helmet
Jewellery
 i - an uncursed ring of fire
 n - a ring of wizardry (left claw)
 p - an amulet of magic regeneration (around neck)
Scrolls
 e - 2 scrolls of identify {unknown}
 h - 2 scrolls of amnesia {unknown}
 j - a scroll of blinking {unknown}
 k - 2 scrolls of remove curse {unknown}
 q - a scroll of immolation {unknown}
 r - a scroll of enchant weapon {unknown}
Potions
 g - a potion of cancellation {unknown}
 m - a potion of heal wounds {unknown}
 o - a potion of ambrosia {unknown}
Comestibles
 f - 6 rations
 l - 5 chunks of flesh


   Skills:
 + Level 2.5 Fighting
 * Level 4.4 Long Blades
 - Level 1.7 Throwing
 + Level 0.7 Armour
 - Level 2.6 Dodging
 + Level 0.1 Stealth


You had 3 spell levels left.
You didn't know any spells.
Your spell library was empty.

Dungeon Overview and Level Annotations

Branches:
Dungeon (2/15)

Altars:

Annotations:
D:2 Natasha


Innate Abilities, Weirdness & Mutations

You have a pair of small antennae on your head.
You have sharp fingernails.
You are partially covered in sharp spines.


Message History

You have reached level 4!
You feel clever.
Your demonic ancestry asserts itself...
Sharp spines emerge from parts of your body.
You slash Jessica!
Jessica is severely wounded.
Jessica barely misses you.
You riposte.
You slash Jessica!
You kill Jessica!
You see here a goblin corpse.
You butcher the goblin corpse.
l - 6 chunks of flesh (gained 2)
You see here a goblin skeleton.
You start resting.
Eating one of 6 chunks of flesh.
You eat one of the 6 chunks of flesh.
This raw flesh tastes terrible.
Natasha, Servant of Life and Death comes into view.
Natasha claws you.
* * * LOW HITPOINT WARNING * * *
You barely miss Natasha. Natasha casts a spell at you. The magic dart hits you!
You die...

.... .......#.#.#.....#
.... .........#.#.....#
..... ........##.#......
..... ............##.#
#.... #...........###
#....#####.##.#####...<.
.###...#.÷...÷.# #......
.......h....#### #.....#
........@#### ###.....#
..#.........# #..÷#...#
............#
###..##...#
....#.##.#..#
#.........# ....#.
.>..........##...# ..#
.. ......#..#.# #.... ..
... ........##. #...# #.
......... #. ...... ..
<...#####


You could see Natasha.

Vanquished Creatures
  Jessica (D:2)
  Natasha (D:2)
  2 gnolls (D:1)
  A worm (D:2)
  2 dart slugs (D:1)
  2 leopard geckos (D:1)
  4 bats
  A giant cockroach (D:1)
  3 goblins
  A kobold (D:1)
  A frilled lizard (D:1)
  5 rats
24 creatures vanquished.

Notes
Turn   | Place    | Note
-------+----------+-------------------------------------------
     0 | D:1      | Hasart the Demonspawn Gladiator began the quest for the
                  | Orb.
     0 | D:1      | Reached XP level 1. HP: 16/16 MP: 1/1
    92 | D:1      | Reached skill level 3 in Long Blades
    96 | D:1      | Gained mutation: You have a pair of small antennae on your
                  | head. [demonic ancestry]
    96 | D:1      | Reached XP level 2. HP: 22/22 MP: 2/2
   304 | D:1      | Gained mutation: You have sharp fingernails. [demonic
                  | ancestry]
   304 | D:1      | Reached XP level 3. HP: 17/27 MP: 3/3
  1046 | D:2      | Noticed Natasha
  1055 | D:2      | Noticed Jessica
  1069 | D:2      | Killed Natasha
  1069 | D:2      | Reached skill level 4 in Long Blades
  1069 | D:2      | Gained mutation: You are partially covered in sharp spines.
                  | [demonic ancestry]
  1069 | D:2      | Reached XP level 4. HP: 8/34 MP: 4/4
  1070 | D:2      | Killed Jessica
  1081 | D:2      | Noticed Natasha
  1084 | D:2      | Killed from afar by Natasha

Skill      XL: |  1  2  3 |
---------------+----------+-----
Long Blades    | 3 4 |  4.4
Fighting       | |  2.5
Throwing       | |  1.7
Armour         | |  0.7
Dodging        | |  2.6
Stealth        | |  0.1

Action                   |  1- 3 |  4- 6 || total
-------------------------+-------+-------++-------
Melee: Long sword        |    62 |     2 ||    64
 Stab: Sleeping          |     1 |       ||     1
  Eat: Chunk             |       |     1 ||     1
Armor: Leather armour    |    14 |       ||    14
Dodge: Dodged            |    58 |     1 ||    59
       Rpst.: Long sword |    21 |     1 ||    22
